[Event "EYTCC U18 Girls 2019"]
[Site "Pardubice"]
[Date "2019.07.15"]
[Round "5.32"]
[White "Sowa, Wiktoria"]
[Black "Aydin, Gulenay"]
[Result "1-0"]
[ECO "B54"]
[WhiteElo "2108"]
[BlackElo "1934"]
[Annotator "ChessBase"]
[PlyCount "75"]
[EventDate "2019.07.11"]
[EventType "swiss"]
[EventCountry "CZE"]
[SourceTitle "playchess.com"]
[Source "ChessBase"]
[SourceQuality "1"]
[WhiteTeam "Poland"]
[BlackTeam "Turkey"]
[WhiteTeamCountry "POL"]
[BlackTeamCountry "TUR"]
[TimeControl "40/5400+30:1800+30"]

1. e4 c5 2. Nf3 d6 3. d4 cxd4 4. Nxd4 Nf6 5. f3 g6 6. c4 Bg7 7. Nc3 O-O 8. Be3 Nc6 9. Qd2 Bd7 10. Be2 Qa5 11. Nc2 Rfc8 12. O-O a6 13. Rac1 Rab8 14. a3 Be6 15. b4 Qd8 16. Nd5 b5 17. Nd4 Nxd4 18. Bxd4 Nxd5 19. exd5 Bxd4+ 20. Qxd4 Bf5 21. c5 Rc7 22. a4 e5 23. dxe6 dxc5 24. exf7+ Kxf7 25. Qf4 Re7 26. Rfd1 Qc7 27. Qh4 Kg8 28. Rxc5 Qa7 29. Bf1 bxa4 30. Bc4+ Be6 31. Kh1 Rbe8 32. Rc6 Qe3 33. Rxe6 Rxe6 34. Re1 Qb6 35. Qf6 Qxb4 36. Bxe6+ Rxe6 37. Qxe6+ Kg7 38. Qe7+ 1-0

[Event "EYTCC U18 Girls 2019"]
[Site "Pardubice"]
[Date "2019.07.15"]
[Round "5.33"]
[White "Radeva, Viktoria"]
[Black "Kucharska, Honorata"]
[Result "0-1"]
[ECO "C50"]
[WhiteElo "2247"]
[BlackElo "2054"]
[Annotator "ChessBase"]
[PlyCount "154"]
[EventDate "2019.07.11"]
[EventType "swiss"]
[EventCountry "CZE"]
[SourceTitle "playchess.com"]
[Source "ChessBase"]
[SourceQuality "1"]
[WhiteTeam "Bulgaria"]
[BlackTeam "Poland"]
[WhiteTeamCountry "BUL"]
[BlackTeamCountry "POL"]
[TimeControl "40/5400+30:1800+30"]

1. e4 e5 2. Nf3 Nc6 3. Bc4 Nf6 4. d3 Bc5 5. c3 a6 6. a4 Ba7 7. O-O d6 8. Nbd2 O-O 9. h3 Ne7 10. Re1 Ng6 11. Nf1 c6 12. Ba2 Be6 13. Bxe6 fxe6 14. Qb3 Qe7 15. Ng3 Kh8 16. Be3 Nf4 17. d4 Ng8 18. Nh2 Nh6 19. Rad1 Qf7 20. Qc2 b5 21. dxe5 dxe5 22. Bxa7 Qxa7 23. Rd6 Nf7 24. Rd2 bxa4 25. Qxa4 Qb6 26. Nf3 Qc5 27. Red1 Nh6 28. Kh2 Ng8 29. Qa3 Qb5 30. Qd6 Ng6 31. Qxe6 Rae8 32. Qd6 Nh6 33. Qc7 Qc4 34. Rd7 Rg8 35. Nh5 Qxe4 36. Rxg7 Nf4 37. Rdd7 Rxg7 38. Nxg7 Rg8 39. Qa7 Nxg2 40. Nh5 Nf4 41. Ng3 Rxg3 42. Rd8+ Rg8 43. Qe7 Nd5 44. Rxg8+ Nxg8 45. Qxe5+ Qxe5+ 46. Nxe5 Nge7 47. Nd7 Kg7 48. Nc5 Nc7 49. Kg3 Kf6 50. Kg4 Ng6 51. f4 h5+ 52. Kxh5 Kf5 53. Nd7 Nxf4+ 54. Kh6 Ke6 55. Nb8 Kd6 56. h4 a5 57. Kg5 Nce6+ 58. Kf5 a4 59. Na6 Nd3 60. h5 Ng7+ 61. Ke4 Nxb2 62. h6 Ne6 63. Kf5 Nf8 64. Nb4 c5 65. Na2 Nc4 66. Kf6 Ne5 67. Kg7 Ned7 68. c4 Ke5 69. Nc3 a3 70. Kf7 Nh7 71. Ke7 Nb6 72. Kd8 Na4 73. Na2 Kd4 74. Ke7 Nb6 75. Nc1 Kxc4 76. Kf7 Nd7 77. Kg7 Ndf6 0-1

[Event "EYTCC U18 Girls 2019"]
[Site "Pardubice"]
[Date "2019.07.15"]
[Round "5.34"]
[White "Malicka, Maria"]
[Black "Krasteva, Beloslava"]
[Result "0-1"]
[ECO "B94"]
[WhiteElo "2115"]
[BlackElo "2327"]
[Annotator "NA"]
[PlyCount "120"]
[EventDate "2019.07.11"]
[EventType "swiss"]
[EventCountry "CZE"]
[SourceTitle "playchess.com"]
[Source "ChessBase"]
[SourceQuality "1"]
[WhiteTeam "Poland"]
[BlackTeam "Bulgaria"]
[WhiteTeamCountry "POL"]
[BlackTeamCountry "BUL"]
[TimeControl "40/5400+30:1800+30"]

1. e4 c5 2. Nf3 d6 3. d4 cxd4 4. Nxd4 Nf6 5. Nc3 a6 6. Bg5 Nbd7 7. a4 e6 8. a5 Qc7 9. Be2 Be7 10. Nb3 b5 11. axb6 Nxb6 12. O-O O-O 13. Qd3 Rd8 14. Qg3 Bb7 15. Bh6 g6 16. Bd3 Nc4 17. Bxc4 Qxc4 18. Ra4 Qc7 19. Rfa1 Bc6 20. Rc4 Qd7 21. Rd1 Bb5 22. Rcd4 e5 23. R4d2 Bc6 24. f3 a5 25. Rd3 Nh5 26. Qf2 a4 27. Nd2 g5 28. h4 gxh4 29. Qe3 Kh8 30. Nc4 Qe6 31. Nd5 Bxd5 32. Rxd5 Nf6 33. Nb6 Nxd5 34. exd5 Qg6 35. Nxa8 Rxa8 36. Qd2 Rg8 37. Ra1 f5 38. Rxa4 f4 39. Bxf4 exf4 40. Rxf4 h5 41. Re4 Bf6 42. b4 Be5 43. Rxh4 Bg3 44. Re4 Ra8 45. Qd4+ Be5 46. Rxe5 dxe5 47. Qxe5+ Kg8 48. c4 Re8 49. Qf4 Re2 50. Qb8+ Kh7 51. Qc7+ Qg7 52. d6 Kh6 53. Qxg7+ Kxg7 54. Kf1 Rb2 55. d7 Rd2 56. c5 Rxd7 57. Ke2 Rb7 58. Kd3 Rxb4 59. Kc3 Rf4 60. Kd3 Kf8 0-1

[Event "EYTCC U18 Girls 2019"]
[Site "Pardubice"]
[Date "2019.07.15"]
[Round "5.35"]
[White "Urh, Zala"]
[Black "Stroganova, Karina"]
[Result "1-0"]
[ECO "B01"]
[WhiteElo "2072"]
[BlackElo "1875"]
[Annotator "NA"]
[PlyCount "89"]
[EventDate "2019.07.11"]
[EventType "swiss"]
[EventCountry "CZE"]
[SourceTitle "playchess.com"]
[Source "ChessBase"]
[SourceQuality "1"]
[WhiteTeam "Slovenia"]
[BlackTeam "Russia"]
[WhiteTeamCountry "SLO"]
[BlackTeamCountry "RUS"]
[TimeControl "40/5400+30:1800+30"]

1. e4 d5 2. exd5 Qxd5 3. Nc3 Qd8 4. d4 Nf6 5. Nf3 g6 6. h3 Bg7 7. Bc4 O-O 8. O-O a6 9. a4 b6 10. Re1 Bb7 11. Ne5 Nc6 12. Nxc6 Bxc6 13. d5 Bb7 14. Bf4 Qd7 15. Qd3 c6 16. dxc6 Qxc6 17. Qf1 e6 18. Rad1 Rfc8 19. Bb3 Rd8 20. Na2 Nh5 21. Be3 a5 22. Rxd8+ Rxd8 23. c3 Be5 24. Bd1 Nf4 25. Bxf4 Bxf4 26. Bf3 Qxa4 27. Bxb7 Qxa2 28. g3 Bg5 29. Qb5 Be7 30. Qxb6 Rd2 31. b3 Bf6 32. Qe3 Rc2 33. c4 Qb2 34. Rd1 Rc3 35. Qf4 Rxb3 36. Bc6 Kg7 37. Rd7 Ra3 38. Qc7 Ra1+ 39. Kg2 Be5 40. Rxf7+ Kh6 41. Rxh7+ Kg5 42. h4+ Kg4 43. Bf3+ Kf5 44. Rf7+ Bf6 45. Qf4# 1-0

[Event "EYTCC U18 Girls 2019"]
[Site "Pardubice"]
[Date "2019.07.15"]
[Round "5.36"]
[White "Beliakova, Ilona"]
[Black "Hercog, Nusa"]
[Result "1-0"]
[ECO "D30"]
[WhiteElo "1759"]
[BlackElo "2053"]
[Annotator "NA"]
[PlyCount "103"]
[EventDate "2019.07.11"]
[EventType "swiss"]
[EventCountry "CZE"]
[SourceTitle "playchess.com"]
[Source "ChessBase"]
[SourceQuality "1"]
[WhiteTeam "Russia"]
[BlackTeam "Slovenia"]
[WhiteTeamCountry "RUS"]
[BlackTeamCountry "SLO"]
[TimeControl "40/5400+30:1800+30"]

1. d4 d5 2. c4 e6 3. Nf3 Nf6 4. g3 dxc4 5. Qa4+ Nbd7 6. Bg2 a6 7. Qxc4 b5 8. Qc6 Rb8 9. Bf4 Nd5 10. Bg5 Be7 11. Bxe7 Qxe7 12. O-O Bb7 13. Qc2 c5 14. dxc5 Nxc5 15. a3 Rc8 16. Nc3 O-O 17. Nxd5 Bxd5 18. Rac1 Bb3 19. Qc3 Bc4 20. Ne5 Na4 21. Qc2 Nb6 22. Rfd1 h6 23. Nc6 Qf6 24. b3 Bd5 25. Bxd5 Nxd5 26. e4 Ne7 27. e5 Qg5 28. h4 Rxc6 29. hxg5 Rxc2 30. Rxc2 Nd5 31. gxh6 gxh6 32. Rc6 Ra8 33. f4 a5 34. Kf2 b4 35. a4 Kg7 36. Kf3 Ne7 37. Rc5 Nd5 38. Rd4 h5 39. f5 Ra6 40. f6+ Kg6 41. Rc8 Kf5 42. Re4 Nc3 43. Re1 Ra7 44. Rh8 Rd7 45. Rxh5+ Kg6 46. Rh4 Rd3+ 47. Re3 Rd2 48. Rg4+ Kh5 49. Rg7 Nd1 50. Re1 Rf2+ 51. Ke4 Nc3+ 52. Ke3 1-0

[Event "EYTCC U18 Girls 2019"]
[Site "Pardubice"]
[Date "2019.07.15"]
[Round "5.37"]
[White "Tarasenka, Aliaksandra"]
[Black "Kuhar, Larisa"]
[Result "1-0"]
[ECO "A57"]
[WhiteElo "2231"]
[BlackElo "1894"]
[Annotator "ChessBase"]
[PlyCount "73"]
[EventDate "2019.07.11"]
[EventType "swiss"]
[EventCountry "CZE"]
[SourceTitle "playchess.com"]
[Source "ChessBase"]
[SourceQuality "1"]
[WhiteTeam "Belarus"]
[BlackTeam "Slovenia"]
[WhiteTeamCountry "BLR"]
[BlackTeamCountry "SLO"]
[TimeControl "40/5400+30:1800+30"]

1. d4 Nf6 2. c4 c5 3. d5 b5 4. Nd2 bxc4 5. e4 d6 6. Bxc4 g6 7. b3 Bg7 8. Bb2 O-O 9. Qc2 Ba6 10. Ngf3 Bxc4 11. bxc4 Nbd7 12. O-O Qc7 13. Rfe1 Ng4 14. Bxg7 Kxg7 15. Qc3+ Kg8 16. h3 Nge5 17. Nh2 Nb6 18. f4 Ned7 19. e5 Na4 20. Qg3 Rab8 21. Ng4 Kh8 22. Qh4 Qd8 23. Qh6 f5 24. Nf3 Rg8 25. Ng5 Rg7 26. Ne6 Qg8 27. Qxg7+ Qxg7 28. Nxg7 Kxg7 29. exd6 exd6 30. Re7+ Kf8 31. Rxd7 fxg4 32. Rxa7 Nc3 33. hxg4 Rb4 34. a4 Rxc4 35. a5 Nxd5 36. a6 Nb4 37. Rxh7 1-0

[Event "EYTCC U18 Girls 2019"]
[Site "Pardubice"]
[Date "2019.07.15"]
[Round "5.38"]
[White "Kralj, Nika"]
[Black "Kuzich, Aryna"]
[Result "0-1"]
[ECO "B29"]
[WhiteElo "1807"]
[BlackElo "1902"]
[Annotator "NA"]
[PlyCount "62"]
[EventDate "2019.07.11"]
[EventType "swiss"]
[EventCountry "CZE"]
[SourceTitle "playchess.com"]
[Source "ChessBase"]
[SourceQuality "1"]
[WhiteTeam "Slovenia"]
[BlackTeam "Belarus"]
[WhiteTeamCountry "SLO"]
[BlackTeamCountry "BLR"]
[TimeControl "40/5400+30:1800+30"]

1. e4 c5 2. Nf3 Nf6 3. e5 Nd5 4. Nc3 e6 5. Nxd5 exd5 6. d4 d6 7. Bb5+ Nc6 8. O-O h6 9. Bf4 Be6 10. c4 a6 11. Ba4 Be7 12. exd6 Bxd6 13. cxd5 Bxf4 14. Bxc6+ bxc6 15. dxe6 fxe6 16. dxc5 O-O 17. Qc2 Rb8 18. Rfd1 Qf6 19. b3 Rb7 20. Qe4 Rc8 21. Re1 Re7 22. Nd4 Bd2 23. Red1 Bc3 24. Rac1 Bb2 25. Rc2 Bxd4 26. Rxd4 Rd7 27. Rcd2 Rcd8 28. g3 Rxd4 29. Rxd4 Qxd4 30. Qxe6+ Kh8 31. Qxc6 Qd1+ 0-1

[Event "EYTCC U18 Girls 2019"]
[Site "Pardubice"]
[Date "2019.07.15"]
[Round "5.39"]
[White "Cvitan, Ena"]
[Black "Koubova, Anna Marie"]
[Result "1/2-1/2"]
[ECO "E71"]
[WhiteElo "2202"]
[BlackElo "2094"]
[Annotator "NA"]
[PlyCount "88"]
[EventDate "2019.07.11"]
[EventType "swiss"]
[EventCountry "CZE"]
[SourceTitle "playchess.com"]
[Source "ChessBase"]
[SourceQuality "1"]
[WhiteTeam "Croatia"]
[BlackTeam "Czech Republic"]
[WhiteTeamCountry "CRO"]
[BlackTeamCountry "CZE"]
[TimeControl "40/5400+30:1800+30"]

1. d4 Nf6 2. c4 g6 3. Nc3 Bg7 4. e4 d6 5. h3 O-O 6. Be3 c5 7. Nf3 cxd4 8. Nxd4 b6 9. g3 Bb7 10. Bg2 Nbd7 11. O-O Ne5 12. b3 Rc8 13. Qd2 Re8 14. Rac1 Qc7 15. a4 Qb8 16. Rfd1 Ned7 17. Qa2 Nc5 18. f3 Nfd7 19. b4 Na6 20. Qb3 Ne5 21. Bf1 Qa8 22. Ra1 e6 23. a5 bxa5 24. Rxa5 Nb8 25. Be2 Nbc6 26. Nxc6 Nxc6 27. Ra2 d5 28. cxd5 Nxb4 29. Qxb4 Bxc3 30. Qb3 exd5 31. Rxa7 Qb8 32. Bf2 Ba8 33. Qxb8 Rxb8 34. Bf1 dxe4 35. Bc4 Red8 36. Bxf7+ Kh8 37. Rc1 exf3 38. Rxc3 Rb1+ 39. Kh2 Rb2 40. Ra2 Rdd2 41. Rxa8+ Kg7 42. Rxf3 Rxf2+ 43. Rxf2 Rxf2+ 44. Kg1 Rxf7 1/2-1/2

[Event "EYTCC U18 Girls 2019"]
[Site "Pardubice"]
[Date "2019.07.15"]
[Round "5.40"]
[White "Lhotska, Anna"]
[Black "Bogdanic, Katarina"]
[Result "1-0"]
[ECO "A46"]
[WhiteElo "1922"]
[BlackElo "1955"]
[Annotator "NA"]
[PlyCount "108"]
[EventDate "2019.07.11"]
[EventType "swiss"]
[EventCountry "CZE"]
[SourceTitle "playchess.com"]
[Source "ChessBase"]
[SourceQuality "1"]
[WhiteTeam "Czech Republic"]
[BlackTeam "Croatia"]
[WhiteTeamCountry "CZE"]
[BlackTeamCountry "CRO"]
[TimeControl "40/5400+30:1800+30"]

1. d4 Nf6 2. Nf3 e6 3. Bf4 c5 4. e3 Nc6 5. c3 d5 6. Nbd2 Bd6 7. Ne5 Qc7 8. Ndf3 O-O 9. h3 Nd7 10. Nxc6 bxc6 11. Bxd6 Qxd6 12. Bd3 cxd4 13. cxd4 Rb8 14. b3 Qb4+ 15. Qd2 Qxd2+ 16. Nxd2 c5 17. O-O e5 18. Be2 Re8 19. dxe5 Rxe5 20. Rfd1 Re7 21. Bf3 Bb7 22. Rac1 Rc8 23. Nb1 Nf6 24. Nc3 Rd7 25. Ne2 g6 26. Nf4 Kg7 27. Rc2 a5 28. Rdc1 Rdc7 29. Nd3 Nd7 30. Bg4 f5 31. Bf3 Kf7 32. Rd2 Rd8 33. Rcd1 Nb6 34. Nf4 Rcd7 35. Nd3 Rc7 36. Ne5+ Ke6 37. Nc4 Nxc4 38. bxc4 Rcd7 39. Kf1 Ba6 40. Be2 Bxc4 41. Bxc4 dxc4 42. Rxd7 Rxd7 43. Rxd7 Kxd7 44. Ke2 Ke6 45. Kd2 c3+ 46. Kxc3 Kd5 47. f3 h6 48. a4 c4 49. g3 g5 50. g4 f4 51. exf4 gxf4 52. h4 Kc5 53. g5 hxg5 54. hxg5 Kd5 1-0

[Event "EYTCC U18 Girls 2019"]
[Site "Pardubice"]
[Date "2019.07.15"]
[Round "5.41"]
[White "Jaufarally, Nadia"]
[Black "Pribylova, Sofie"]
[Result "1/2-1/2"]
[ECO "B90"]
[WhiteElo "1944"]
[BlackElo "2093"]
[Annotator "NA"]
[PlyCount "86"]
[EventDate "2019.07.11"]
[EventType "swiss"]
[EventCountry "CZE"]
[SourceTitle "playchess.com"]
[Source "ChessBase"]
[SourceQuality "1"]
[WhiteTeam "England"]
[BlackTeam "Czech Republic"]
[WhiteTeamCountry "ENG"]
[BlackTeamCountry "CZE"]
[TimeControl "40/5400+30:1800+30"]

1. e4 c5 2. Nf3 d6 3. d4 cxd4 4. Nxd4 Nf6 5. Nc3 a6 6. Bd3 g6 7. f3 Bg7 8. Be3 Nc6 9. Qd2 Nxd4 10. Bxd4 O-O 11. O-O Re8 12. Rfd1 b5 13. a4 b4 14. Na2 a5 15. Bb5 Bd7 16. c4 Qc7 17. b3 Rf8 18. Bxd7 Nxd7 19. Bxg7 Kxg7 20. Nc1 f5 21. Qd4+ Kg8 22. Qd5+ Kh8 23. Qd4+ Rf6 24. exf5 gxf5 25. Ra2 e5 26. Qe3 Qc5 27. Qxc5 Nxc5 28. Rad2 Ra6 29. Rb2 e4 30. Ne2 Nd3 31. Rbd2 Nc5 32. Nd4 Kg7 33. Rf1 Ra8 34. Rb1 Re8 35. Re1 Kg6 36. f4 Ra8 37. Re3 Nd3 38. g3 Rc8 39. Rc2 Rf7 40. Ree2 h5 41. Kf1 Kf6 42. Red2 Rg7 43. Nf3 Rgc7 1/2-1/2

[Event "EYTCC U18 Girls 2019"]
[Site "Pardubice"]
[Date "2019.07.15"]
[Round "5.42"]
[White "Nemcova, Karin"]
[Black "Rahulan, Thivyaa"]
[Result "1-0"]
[ECO "C12"]
[WhiteElo "1956"]
[BlackElo "1878"]
[Annotator "NA"]
[PlyCount "83"]
[EventDate "2019.07.11"]
[EventType "swiss"]
[EventCountry "CZE"]
[SourceTitle "playchess.com"]
[Source "ChessBase"]
[SourceQuality "1"]
[WhiteTeam "Czech Republic"]
[BlackTeam "England"]
[WhiteTeamCountry "CZE"]
[BlackTeamCountry "ENG"]
[TimeControl "40/5400+30:1800+30"]

1. e4 e6 2. d4 d5 3. Nc3 Nf6 4. Bg5 Bb4 5. e5 h6 6. Bd2 Bxc3 7. bxc3 Ne4 8. Qg4 Kf8 9. Bd3 Nxd2 10. Kxd2 Qg5+ 11. Qxg5 hxg5 12. Nh3 g4 13. Nf4 g5 14. Ne2 c5 15. Nc1 Nc6 16. Ke3 Bd7 17. Be2 Rc8 18. Nd3 b6 19. Rac1 Ke7 20. f3 gxf3 21. Bxf3 Rh4 22. dxc5 bxc5 23. g3 Rhh8 24. Rb1 c4 25. Nf2 Nxe5 26. Rb7 Nc6 27. h3 f5 28. h4 gxh4 29. gxh4 Kd6 30. h5 e5 31. Bxd5 Kxd5 32. Rxd7+ Ke6 33. Rhd1 Nd4 34. Rxa7 Nb5 35. Ra6+ Ke7 36. Rd5 f4+ 37. Kf3 Nxc3 38. Rxe5+ Kd7 39. Rg5 Rc7 40. Rg7+ Kd8 41. h6 Nxa2 42. Ra8+ 1-0

[Event "EYTCC U18 Girls 2019"]
[Site "Pardubice"]
[Date "2019.07.16"]
[Round "6.25"]
[White "Salimova, Nurgyul"]
[Black "Lehaci, Miruna-Daria"]
[Result "1-0"]
[ECO "A05"]
[WhiteElo "2416"]
[BlackElo "2201"]
[Annotator "ChessBase"]
[PlyCount "127"]
[EventDate "2019.07.11"]
[EventType "swiss"]
[EventCountry "CZE"]
[SourceTitle "playchess.com"]
[Source "ChessBase"]
[SourceQuality "1"]
[WhiteTeam "Bulgaria"]
[BlackTeam "Romania"]
[WhiteTeamCountry "BUL"]
[BlackTeamCountry "ROU"]
[TimeControl "40/5400+30:1800+30"]

1. Nf3 Nf6 2. g3 b6 3. Bg2 Bb7 4. c4 c5 5. O-O e6 6. b3 Be7 7. Bb2 O-O 8. Nc3 a6 9. d4 cxd4 10. Qxd4 Nc6 11. Qf4 Qb8 12. Rfd1 Rd8 13. Qxb8 Raxb8 14. Ne1 Na7 15. Bxb7 Rxb7 16. Nd3 b5 17. cxb5 axb5 18. Rac1 d5 19. Nb1 b4 20. Nc5 Rc7 21. Na4 Rdc8 22. Rxc7 Rxc7 23. Rc1 Rxc1+ 24. Bxc1 Nb5 25. Kf1 Kf8 26. Ke1 Ke8 27. Bb2 Kd7 28. Nd2 g6 29. e3 Ne8 30. Nf3 f6 31. g4 e5 32. Ke2 Bd6 33. Ne1 Ng7 34. g5 f5 35. f4 d4 36. fxe5 Bxe5 37. Nf3 Bd6 38. exd4 Ne6 39. Nb6+ Kc6 40. Nc4 Bf4 41. h4 Bg3 42. Ke3 Nec7 43. Nce5+ Kd6 44. Kd3 Nd5 45. Kc4 Nbc7 46. a3 Ne3+ 47. Kd3 Ng2 48. axb4 Nxh4 49. Kc4 Nxf3 50. Nxf3 Bf4 51. b5 Ne6 52. Ba3+ Kd7 53. Kd5 Nxg5 54. Ne1 Ne6 55. Nd3 Nc7+ 56. Kc4 Bg3 57. Nc5+ Ke8 58. b6 Na8 59. Kb5 h5 60. b7 Nc7+ 61. Kc6 Nb5 62. Kxb5 h4 63. Nd3 h3 64. Ne5 1-0

[Event "EYTCC U18 Girls 2019"]
[Site "Pardubice"]
[Date "2019.07.16"]
[Round "6.26"]
[White "Ciolacu, Alessia-Mihaela"]
[Black "Antova, Gabriela"]
[Result "1/2-1/2"]
[ECO "A06"]
[WhiteElo "2199"]
[BlackElo "2257"]
[Annotator "ChessBase"]
[PlyCount "103"]
[EventDate "2019.07.11"]
[EventType "swiss"]
[EventCountry "CZE"]
[SourceTitle "playchess.com"]
[Source "ChessBase"]
[SourceQuality "1"]
[WhiteTeam "Romania"]
[BlackTeam "Bulgaria"]
[WhiteTeamCountry "ROU"]
[BlackTeamCountry "BUL"]
[TimeControl "40/5400+30:1800+30"]

1. Nf3 d5 2. c4 c6 3. e3 Nf6 4. Nc3 e6 5. b3 Bd6 6. Bb2 Nbd7 7. Qc2 O-O 8. Be2 Re8 9. Rg1 e5 10. g4 d4 11. exd4 exd4 12. Nxd4 Bxh2 13. Rg2 Be5 14. Nf5 Nc5 15. Ne3 Ne6 16. O-O-O Nd4 17. Qb1 Nd7 18. Bd3 g6 19. Ne2 Nc5 20. Nxd4 Bxd4 21. Bc2 Qf6 22. Bxd4 Qxd4 23. Qb2 Ne6 24. Nf5 Qxb2+ 25. Kxb2 Nf4 26. Nh6+ Kg7 27. Rh2 f6 28. Rdh1 Rh8 29. Re1 Be6 30. Re4 g5 31. Re1 Rae8 32. Reh1 Ng6 33. Nf5+ Bxf5 34. Bxf5 Re2 35. Kc3 Nh4 36. Bd3 Re7 37. f4 h6 38. Rf1 Rd8 39. fxg5 hxg5 40. Rhf2 Re6 41. c5 Rf8 42. b4 b6 43. cxb6 axb6 44. a4 Ra8 45. Bc2 Ng6 46. Bxg6 Kxg6 47. Kb3 Rd6 48. d4 Kg7 49. Rf5 Rxd4 50. Rxf6 Rxg4 51. Rxc6 Rg3+ 52. Kc4 1/2-1/2

[Event "EYTCC U18 Girls 2019"]
[Site "Pardubice"]
[Date "2019.07.16"]
[Round "6.27"]
[White "Sliwicka, Alicja"]
[Black "Muetsch, Annmarie"]
[Result "1/2-1/2"]
[ECO "B47"]
[WhiteElo "2261"]
[BlackElo "2266"]
[Annotator "NA"]
[PlyCount "82"]
[EventDate "2019.07.11"]
[EventType "swiss"]
[EventCountry "CZE"]
[SourceTitle "playchess.com"]
[Source "ChessBase"]
[SourceQuality "1"]
[WhiteTeam "Poland"]
[BlackTeam "Germany"]
[WhiteTeamCountry "POL"]
[BlackTeamCountry "GER"]
[TimeControl "40/5400+30:1800+30"]

1. e4 c5 2. Nf3 e6 3. d4 cxd4 4. Nxd4 Nc6 5. Nc3 Qc7 6. g3 Nf6 7. Bg2 a6 8. O-O h5 9. h3 Bc5 10. Nb3 Ba7 11. Bf4 Ne5 12. Qe2 d6 13. Rad1 b5 14. Qd2 Bb7 15. Bxe5 dxe5 16. Qg5 b4 17. Nb1 Bxe4 18. N1d2 Bxg2 19. Kxg2 O-O 20. Rfe1 Qxc2 21. Qxe5 Rac8 22. Rc1 Qd3 23. Ne4 Nxe4 24. Qxe4 Qxe4+ 25. Rxe4 Rxc1 26. Nxc1 Rc8 27. Nd3 Rd8 28. Nxb4 Rd2 29. Rf4 Rxb2 30. Nxa6 Rxa2 31. Nb4 Rd2 32. Nc6 Bc5 33. Na5 Ra2 34. Nb3 Bb6 35. Nc1 Rd2 36. Nb3 Rb2 37. Nc1 e5 38. Nd3 Rb5 39. Rb4 Rxb4 40. Nxb4 f5 41. Nc6 f4 1/2-1/2

[Event "EYTCC U18 Girls 2019"]
[Site "Pardubice"]
[Date "2019.07.16"]
[Round "6.28"]
[White "Schneider, Jana"]
[Black "Sowa, Wiktoria"]
[Result "1-0"]
[ECO "B33"]
[WhiteElo "2216"]
[BlackElo "2108"]
[Annotator "NA"]
[PlyCount "87"]
[EventDate "2019.07.11"]
[EventType "swiss"]
[EventCountry "CZE"]
[SourceTitle "playchess.com"]
[Source "ChessBase"]
[SourceQuality "1"]
[WhiteTeam "Germany"]
[BlackTeam "Poland"]
[WhiteTeamCountry "GER"]
[BlackTeamCountry "POL"]
[TimeControl "40/5400+30:1800+30"]

1. e4 c5 2. Nf3 Nc6 3. d4 cxd4 4. Nxd4 Nf6 5. Nc3 e5 6. Ndb5 d6 7. Bg5 a6 8. Na3 b5 9. Nd5 Be7 10. Bxf6 Bxf6 11. c3 Bg5 12. Nc2 Ne7 13. Nce3 Bxe3 14. Nxe3 Bb7 15. a4 b4 16. Nc4 d5 17. exd5 Nxd5 18. cxb4 O-O 19. Ne3 Nxe3 20. Qxd8 Nc2+ 21. Kd2 Rfxd8+ 22. Kxc2 Rac8+ 23. Kb3 Rd2 24. Bc4 Bxg2 25. Rhe1 Rxf2 26. Rxe5 g6 27. Bxa6 Rcc2 28. Rb1 Bh3 29. Bd3 Rcd2 30. Kc3 Be6 31. Rxe6 fxe6 32. a5 e5 33. a6 e4 34. Bxe4 Rd7 35. Ra1 Rc7+ 36. Kb3 Ra7 37. b5 Rf6 38. Bd5+ Kf8 39. Kb4 Ke7 40. Kc5 Rf5 41. b6 Rd7 42. Rd1 Rf6 43. a7 Rf8 44. Re1+ 1-0

[Event "EYTCC U18 Girls 2019"]
[Site "Pardubice"]
[Date "2019.07.16"]
[Round "6.29"]
[White "Radeva, Viktoria"]
[Black "Ferkova, Dominika"]
[Result "1/2-1/2"]
[ECO "B18"]
[WhiteElo "2247"]
[BlackElo "2009"]
[Annotator "NA"]
[PlyCount "90"]
[EventDate "2019.07.11"]
[EventType "swiss"]
[EventCountry "CZE"]
[SourceTitle "playchess.com"]
[Source "ChessBase"]
[SourceQuality "1"]
[WhiteTeam "Bulgaria"]
[BlackTeam "Slovakia"]
[WhiteTeamCountry "BUL"]
[BlackTeamCountry "SVK"]
[TimeControl "40/5400+30:1800+30"]

1. e4 c6 2. d4 d5 3. Nc3 dxe4 4. Nxe4 Bf5 5. Ng3 Bg6 6. Bc4 e6 7. N1e2 Nf6 8. Nf4 Bd6 9. O-O Qc7 10. Qf3 O-O 11. c3 Nd5 12. Nxg6 hxg6 13. Re1 Nd7 14. Bg5 b5 15. Bd3 N7f6 16. Kh1 Bf4 17. Bxf4 Qxf4 18. Qxf4 Nxf4 19. Bc2 Rfd8 20. Ne4 Rab8 21. Nc5 a5 22. g3 N4d5 23. Rad1 Nb6 24. Bd3 Nfd7 25. Be4 Nxc5 26. dxc5 Rxd1 27. Rxd1 Na4 28. Bxc6 Nxb2 29. Rb1 Nd3 30. Rxb5 Rxb5 31. Bxb5 Nxc5 32. Kg2 Kf8 33. Kf3 Ke7 34. Ke3 e5 35. f3 f6 36. h4 g5 37. hxg5 fxg5 38. g4 Kd6 39. Be8 Ke7 40. Bg6 Kd6 41. Bf7 Kc6 42. Be8+ Kb6 43. a3 Kc7 44. Bb5 Kb6 45. Be8 Kc7 {[%emt 0:00:00] Ke4} 1/2-1/2

[Event "EYTCC U18 Girls 2019"]
[Site "Pardubice"]
[Date "2019.07.16"]
[Round "6.30"]
[White "Sankova, Stella"]
[Black "Krasteva, Beloslava"]
[Result "1/2-1/2"]
[ECO "B51"]
[WhiteElo "1997"]
[BlackElo "2327"]
[Annotator "NA"]
[PlyCount "60"]
[EventDate "2019.07.11"]
[EventType "swiss"]
[EventCountry "CZE"]
[SourceTitle "playchess.com"]
[Source "ChessBase"]
[SourceQuality "1"]
[WhiteTeam "Slovakia"]
[BlackTeam "Bulgaria"]
[WhiteTeamCountry "SVK"]
[BlackTeamCountry "BUL"]
[TimeControl "40/5400+30:1800+30"]

1. e4 c5 2. Nf3 d6 3. Bb5+ Nd7 4. d4 cxd4 5. Qxd4 a6 6. Bxd7+ Bxd7 7. c4 Rc8 8. Nc3 b5 9. cxb5 axb5 10. e5 Bc6 11. exd6 Qxd6 12. Qxd6 exd6 13. O-O Nf6 14. Re1+ Kd7 15. Bg5 Be7 16. Rad1 Bxf3 17. gxf3 Rc5 18. Bxf6 gxf6 19. Re4 Rg8+ 20. Kh1 f5 21. Red4 Rg6 22. Nd5 Bd8 23. Nf4 Rh6 24. Nd3 Rc2 25. Rd5 Bb6 26. Kg2 Rg6+ 27. Kf1 Rh6 28. Kg2 Rg6+ 29. Kf1 Rh6 30. Kg2 Rg6+ 1/2-1/2

[Event "EYTCC U18 Girls 2019"]
[Site "Pardubice"]
[Date "2019.07.16"]
[Round "6.31"]
[White "Katkov, Michelle"]
[Black "Kucharska, Honorata"]
[Result "1-0"]
[ECO "B14"]
[WhiteElo "2129"]
[BlackElo "2054"]
[Annotator "NA"]
[PlyCount "75"]
[EventDate "2019.07.11"]
[EventType "swiss"]
[EventCountry "CZE"]
[SourceTitle "playchess.com"]
[Source "ChessBase"]
[SourceQuality "1"]
[WhiteTeam "Israel"]
[BlackTeam "Poland"]
[WhiteTeamCountry "ISR"]
[BlackTeamCountry "POL"]
[TimeControl "40/5400+30:1800+30"]

1. e4 c6 2. d4 d5 3. exd5 cxd5 4. c4 Nf6 5. Nc3 g6 6. Qb3 Bg7 7. cxd5 O-O 8. Be2 Nbd7 9. Bf4 Nb6 10. Bf3 Bg4 11. Bxg4 Nxg4 12. Nf3 Nf6 13. d6 exd6 14. O-O d5 15. Rfe1 Qd7 16. Be5 Rad8 17. Rac1 Nh5 18. Nb5 a6 19. Nd6 f6 20. Qxb6 fxe5 21. dxe5 Nf4 22. h3 Nxh3+ 23. gxh3 Qxh3 24. Nh2 Bh6 25. Qxb7 Bxc1 26. Qxd5+ Kh8 27. Nf7+ Rxf7 28. Qxd8+ Kg7 29. Rxc1 Qf5 30. Qd2 h5 31. Re1 Qe6 32. Qd6 Qf5 33. Qd4 Qe6 34. Nf1 Kh7 35. Ng3 a5 36. Re3 Rb7 37. Ne4 Rb4 38. Ng5+ 1-0